 Dungeon Sprint DCSS version 0.27-a0-1513-g2aaa0cc67b (webtiles) character file.

Game seed: 12597929639221461077

33523 mhtbhm the Peltast (level 13, -36/91 HPs)
             Began as a Gargoyle Fighter on July 10, 2021.
             Was the Champion of Qazlal.
             Killed from afar by an orb of fire (41 damage)
             ... with a bolt of fire
             ... in the Dungeon (Sprint VII: "The Pits").
             The game lasted 00:08:22 (3696 turns).

mhtbhm the Peltast (Gargoyle Fighter)               Turns: 3696, Time: 00:08:23

Health: -36/91     AC: 34    Str: 30    XL:     13   Next: 71%
Magic:  23/23      EV: 11    Int: 20    God:    Qazlal [******]
Gold:   38         SH: 25    Dex:  9    Spells: 12/12 levels left

rFire    + . .     SeeInvis .   a - +4 war axe of Fee Simple {venom, Int+4}
rCold    . . .     Faith    .   c - +0 kite shield
rNeg     + . .     Spirit   .   b - +4 chain mail
rPois    ∞         Reflect  .   C - +1 helmet
rElec    +         Harm     .   t - +0 cloak
rCorr    .         Rampage  .   (no gloves)
Will     .....     NoTele   +   (no boots)
Stlth    ..........             (no amulet)
HPRegen  0.25/turn              G - +4 ring of protection
MPRegen  0.18/turn              F - ring of the Fiend {rPois Str+6 Int+6}

@: mighty, protected from fire, on berserk cooldown, slowed, repel missiles,
very slow
A: sickness immunity, AC +9, negative energy resistance 1, electricity
resistance, torment resistance 1, petrification resistance, deterioration 1
a: Renounce Religion, Upheaval, Elemental Force, Disaster Area


You were in the Dungeon.
You worshipped Qazlal.
Qazlal was exalted by your worship.
You visited 1 branch You collected 38 gold pieces.

Inventory:

Hand Weapons
 a - the +4 war axe of Fee Simple (weapon) {venom, Int+4}
   (You found it in the Dungeon)

   It poisons the flesh of those it strikes.
   Int:       It affects your intelligence (+4).
Armour
 b - a +4 chain mail (worn)
 c - a +0 kite shield (worn)
 t - a +0 cloak (worn)
 C - a +1 helmet (worn)
Jewellery
 v - a +4 ring of evasion
 B - a ring of positive energy
 D - a ring of resist corrosion
 F - the ring of the Fiend (right hand) {rPois Str+6 Int+6}
   (You took it off a skeletal warrior in the Dungeon)

   [ring of strength]

   Str:       It affects your strength (+6).
   Int:       It affects your intelligence (+6).
   rPois:     It protects you from poison.
 G - a +4 ring of protection (left hand)
 H - a ring of flight
Wands
 n - a wand of flame (17)
Scrolls
 l - 5 scrolls of amnesia
 m - a scroll of summoning
 w - 6 scrolls of enchant weapon
 x - 3 scrolls of identify
 y - a scroll of fog
 z - 2 scrolls of enchant armour
 A - a scroll of fear
Potions
 d - a potion of might
 e - 9 potions of curing
 f - 3 potions of heal wounds
 g - a potion of haste
 h - 3 potions of magic
 i - 2 potions of berserk rage
 k - 2 potions of invisibility
 o - a potion of flight
 r - 3 potions of brilliance
 s - 2 potions of resistance
 u - a potion of mutation
Miscellaneous
 p - a tin of tremorstones (2/2)
 E - a phial of floods


   Skills:
 + Level 14.3 Fighting
 + Level 16.9 Axes
 + Level 13.3 Armour
 + Level 6.5 Dodging
 + Level 2.2 Stealth
 + Level 20.7 Shields
 * Level 14.5 Invocations
 + Level 1.2 Evocations


You had 12 spell levels left.
You didn't know any spells.
Your spell library contained the following spells:

 Spells                   Type           Power      Damage    Failure   Level
 Shock                    Conj/Air       0%         1d3       54%         1
 Dazzling Flash           Conj/Hex       0%         N/A       89%         3
 Swiftness                Air            0%         N/A       89%         3
 Airstrike                Air            0%         N/A       100%        4
 Agony                    Necr           0%         N/A       100%        5
 Silence                  Hex/Air        0%         N/A       100%        5


Dungeon Overview and Level Annotations

Branches:
Dungeon (1/1)

Altars:
Ashenzari
Cheibriados
Dithmenos
Elyvilon
Fedhas
Gozag
Hepliaklqana
Kikubaaqudgha
Makhleb
Nemelex Xobeh
Okawaru
Qazlal
Ru
Sif Muna
Trog
Uskayaw
Vehumet
Wu Jian
Xom
Yredelemnul
Zin
The Shining One
Beogh
Jiyva
Lugonu


Innate Abilities, Weirdness & Mutations

You are immune to sickness and miasma.
Your stone body is resilient. (AC +9)
You are immune to poison.
You resist negative energy. (rN+)
You are resistant to electric shocks. (rElec)
You are resistant to unholy torment.
You are immune to petrification.
Your body sometimes deteriorates upon taking damage.


Message History

The orb of fire is heavily damaged.
The orb of fire glows bright magenta.
The fireball explodes!
The fireball engulfs you!
You feel protected from fire.
The fireball engulfs the orb of fire.
The orb of fire completely resists.
You miss the orb of fire.
The orb of fire is heavily damaged.
You slash the orb of fire!
The orb of fire is heavily damaged.
You slash the orb of fire!
The orb of fire is severely damaged.
The orb of fire glows yellow.
The bolt of fire hits you!! You resist.
* * * LOW HITPOINT WARNING * * *
You barely miss the orb of fire.
The orb of fire is severely damaged.
You closely miss the orb of fire.
The orb of fire is severely damaged.
You closely miss the orb of fire.
The orb of fire is severely damaged.
You hit the orb of fire but do no damage.
The orb of fire is severely damaged.
You hit the orb of fire but do no damage.
The orb of fire is severely damaged.
You hit the orb of fire but do no damage.
The orb of fire is heavily damaged.
The orb of fire glows yellow.
The fireball explodes!
The fireball engulfs you!! You resist.
* * * LOW HITPOINT WARNING * * *
The fireball engulfs the orb of fire.
The orb of fire completely resists.
You miss the orb of fire.
The orb of fire is heavily damaged.
You closely miss the orb of fire.
The orb of fire is heavily damaged.
You are no longer berserk.
You are exhausted.
You feel yourself slow down.
The orb of fire glows yellow.
The bolt of fire hits you!!! You resist.
You die...

#+# #.# #'#
################*#
.........).))).☼@#
..........).))°§.#
+##############..#
#..# #..# #..#
#..# #..# #..#


You could see an orb of fire.

Vanquished Creatures
  A deep elf blademaster (D)
  A shadow dragon (D)
  A fire giant (D)
  An emperor scorpion (D)
  Aizul (D)
  An apis (D)
  Snorg (D)
  A boulder beetle (D)
  A spriggan air mage (D)
  Erica (D)
  A merfolk avatar (D)
  8 skeletal warriors (D)
  3 swamp dragons (D)
  A sea snake (D)
  3 bog bodies (D)
  An orc sorcerer (D)
  2 deep elf zephyrmancers (D)
  An orc knight (D)
  A wolf spider (D)
  A manticore (D)
  2 elephants (D)
  2 black mambas (D)
  A smoke demon (D)
  A gargoyle (D)
  A molten gargoyle (D)
  A komodo dragon (D)
  A cane toad (D)
  2 efreet (D)
  A kobold demonologist (D)
  A demonic crawler (D)
  A yaktaur (D)
  A guardian mummy (D)
  A hellwing (D)
  A wandering mushroom (D)
  2 jumping spiders (D)
  A troll (D)
  A merfolk (D)
  2 polar bears (D)
  A wind drake (D)
  4 dream sheep (D)
  Sigmund (D)
  5 redbacks (D)
  A spriggan (D)
  A water elemental (D)
  2 ynoxinuls (D)
  A fire bat (D)
  A wyvern (D)
  6 yaks (D)
  A basilisk (D)
  2 neqoxecs (D)
  2 vampire mosquitoes (D)
  An acid dragon (D)
  A floating eye (D)
  Purgy (D)
  A necrophage (D)
  An ice beast (D)
  4 orc warriors (D)
  An ogre (D)
  6 wolves (D)
  A centaur (D)
  A phantom (D)
  2 gnoll sergeants (D)
  A scorpion (D)
  4 killer bees (D)
  A quasit (D)
  An orc priest (D)
  An iguana (D)
  2 hell rats (D)
  A small abomination (D)
  9 gnolls (D)
  4 orcs (D)
  A ball python (D)
  2 endoplasms (D)
  2 hobgoblins (D)
  4 jackals (D)
  3 quokkas (D)
  3 kobolds (D)
142 creatures vanquished.

Vanquished Creatures (others)
  A killer bee (D)
  A mummy (D)
2 creatures vanquished.

Grand Total: 144 creatures vanquished

Notes
Turn   | Place    | Note
-------+----------+-------------------------------------------
     0 | D        | mhtbhm the Gargoyle Fighter began the quest for the Orb.
     0 | D        | Reached XP level 1. HP: 14/14 MP: 1/1
    20 | D        | Found a bloodstained altar of Trog.
    20 | D        | Found a shimmering blue altar of Sif Muna.
    20 | D        | Found a viscous altar of Jiyva.
    20 | D        | Found a hazy altar of Hepliaklqana.
    20 | D        | Found an opulent altar of Gozag.
    21 | D        | Found a glowing golden altar of the Shining One.
    21 | D        | Found a glowing silver altar of Zin.
    21 | D        | Found a basalt altar of Yredelemnul.
    21 | D        | Found a shimmering altar of Xom.
    21 | D        | Found an ornate altar of the Wu Jian Council.
    21 | D        | Found a sacrificial altar of Ru.
    21 | D        | Found a stormy altar of Qazlal.
    21 | D        | Found an iron altar of Okawaru.
    21 | D        | Found a sparkling altar of Nemelex Xobeh.
    21 | D        | Found a burning altar of Makhleb.
    21 | D        | Found a blossoming altar of Fedhas.
    21 | D        | Found a white marble altar of Elyvilon.
    21 | D        | Found a shadowy altar of Dithmenos.
    21 | D        | Found a snail-covered altar of Cheibriados.
    24 | D        | Found a corrupted altar of Lugonu.
    24 | D        | Found a radiant altar of Vehumet.
    25 | D        | Found an ancient bone altar of Kikubaaqudgha.
    25 | D        | Found a hide-covered altar of Uskayaw.
    25 | D        | Found a broken altar of Ashenzari.
    30 | D        | Became a worshipper of Qazlal Stormbringer
   270 | D        | Reached * piety under Qazlal
   303 | D        | Noticed a phantom
   307 | D        | Reached skill level 4 in Shields
   307 | D        | Reached XP level 2. HP: 20/20 MP: 2/2
   307 | D        | Reached ** piety under Qazlal
   321 | D        | Killed a phantom
   322 | D        | Reached skill level 5 in Fighting
   322 | D        | Reached skill level 5 in Shields
   322 | D        | Reached XP level 3. HP: 22/26 MP: 3/3
   322 | D        | Reached XP level 4. HP: 27/31 MP: 4/4
   492 | D        | Noticed an ice beast
   492 | D        | Noticed a gnoll sergeant
   495 | D        | Reached *** piety under Qazlal
   495 | D        | Noticed Sigmund
   499 | D        | Noticed a floating eye
   509 | D        | Reached **** piety under Qazlal
   525 | D        | Reached XP level 5. HP: 28/36 MP: 5/5
   526 | D        | Paralysed by a floating eye for 4 turns
   529 | D        | Killed a floating eye
   530 | D        | Reached skill level 5 in Axes
   530 | D        | Reached skill level 1 in Dodging
   530 | D        | Reached skill level 6 in Shields
   539 | D        | Reached skill level 7 in Shields
   539 | D        | Reached XP level 6. HP: 34/44 MP: 6/6
   551 | D        | Killed an ice beast
   552 | D        | Reached skill level 1 in Stealth
   552 | D        | Reached skill level 8 in Shields
   554 | D        | Reached ***** piety under Qazlal
   560 | D        | Killed Sigmund
   561 | D        | Reached XP level 7. HP: 30/48 MP: 7/7
   737 | D        | Noticed a spriggan
   756 | D        | Killed a spriggan
   757 | D        | Reached skill level 9 in Shields
   775 | D        | Reached skill level 10 in Shields
   901 | D        | Noticed a yak
   901 | D        | Noticed a yak
   901 | D        | Noticed a yak
   901 | D        | Noticed a yak
   901 | D        | Noticed a yak
   901 | D        | Noticed a yak
   902 | D        | Noticed a basilisk
   909 | D        | Killed a yak
   909 | D        | Reached ****** piety under Qazlal
   909 | D        | Killed a yak
   910 | D        | Reached XP level 8. HP: 32/54 MP: 8/8
   910 | D        | Killed a yak
   911 | D        | Reached skill level 11 in Shields
   911 | D        | Killed a yak
   912 | D        | Reached skill level 10 in Armour
   916 | D        | Killed a yak
   921 | D        | Killed a yak
   922 | D        | Reached skill level 10 in Axes
   922 | D        | Reached skill level 12 in Shields
   922 | D        | Reached XP level 9. HP: 34/60 MP: 9/9
   957 | D        | Got the +2 war axe of Tayp {flame, Fly}
  1052 | D        | Noticed Erica
  1054 | D        | Noticed a boulder beetle
  1063 | D        | Killed Erica
  1064 | D        | Reached skill level 13 in Shields
  1073 | D        | Killed a boulder beetle
  1074 | D        | Reached skill level 14 in Shields
  1353 | D        | Noticed a merfolk
  1360 | D        | Reached XP level 10. HP: 66/66 MP: 10/10
  1405 | D        | Reached skill level 15 in Shields
  1554 | D        | Noticed Aizul
  1556 | D        | Noticed a swamp dragon
  1567 | D        | Killed a swamp dragon
  1568 | D        | Reached skill level 10 in Fighting
  1595 | D        | Killed Aizul
  1596 | D        | Reached skill level 16 in Shields
  1633 | D        | Noticed an orc knight
  1634 | D        | Noticed an orc sorcerer
  1635 | D        | Noticed a skeletal warrior
  1637 | D        | Noticed a skeletal warrior
  1637 | D        | Noticed a skeletal warrior
  1643 | D        | Reached XP level 11. HP: 56/73 MP: 11/11
  1644 | D        | Gained mutation: Your body sometimes deteriorates upon
                  | taking damage. [a neqoxec]
  1648 | D        | Killed an orc knight
  1649 | D        | Reached skill level 1 in Invocations
  1650 | D        | Killed an orc sorcerer
  1656 | D        | Killed a skeletal warrior
  1660 | D        | Killed a skeletal warrior
  1661 | D        | Reached skill level 17 in Shields
  1668 | D        | Killed a skeletal warrior
  1987 | D        | Reached skill level 5 in Invocations
  2136 | D        | Noticed Purgy
  2136 | D        | Noticed a swamp dragon
  2152 | D        | Killed a swamp dragon
  2155 | D        | Killed Purgy
  2304 | D        | Noticed a deep elf zephyrmancer
  2316 | D        | Killed a deep elf zephyrmancer
  2317 | D        | Reached skill level 15 in Axes
  2509 | D        | Noticed a manticore
  2517 | D        | Killed a manticore
  2518 | D        | Reached XP level 12. HP: 73/80 MP: 17/17
  2519 | D        | Reached skill level 18 in Shields
  2658 | D        | Noticed an emperor scorpion
  2664 | D        | Reached skill level 5 in Dodging
  2680 | D        | Killed an emperor scorpion
  2802 | D        | Reached skill level 19 in Shields
  2867 | D        | Got the +4 war axe of Fee Simple {venom, Int+4}
  3028 | D        | Noticed a shadow dragon
  3028 | D        | Noticed a fire giant
  3043 | D        | Killed a fire giant
  3044 | D        | Reached skill level 10 in Invocations
  3056 | D        | Killed a shadow dragon
  3268 | D        | Noticed a merfolk avatar
  3282 | D        | Noticed an apis
  3291 | D        | Noticed a deep elf blademaster
  3297 | D        | Killed an apis
  3298 | D        | Reached XP level 13. HP: 58/88 MP: 19/21
  3307 | D        | Reached skill level 20 in Shields
  3322 | D        | Noticed Snorg
  3331 | D        | Identified the ring of the Fiend {rPois Str+6 Int+6}
  3333 | D        | Killed a deep elf blademaster
  3334 | D        | Reached skill level 1 in Evocations
  3334 | D        | Killed Snorg
  3674 | D        | Noticed an orb of fire
  3696 | D        | Killed from afar by an orb of fire

Illustrated notes

Levels and vault maps discovered:
D:        pitsprint [storerooms_1, entrance_room_1, metal_vault_1, armoury_2,
          mini_pit_1, grid_room_1, main_hall_1, silver_pit, the_coven_1,
          the_vestibule_1, steel_vault_1, golden_pit, hallway_of_sentries,
          crystal_vault_2, iron_vault_3, final_vault]

Skill      XL: |  1  2  3  4  5  6  7  8  9 10 11 12 13 |
---------------+----------------------------------------+-----
Axes           | 2 3 4 6 7 9 10 11 13 15 16 | 16.9
Armour         | 4 6 8 9 10 11 12 13 | 13.3
Fighting       | 4 5 6 7 8 9 10 11 13 14 | 14.3
Shields        | 4 5 7 8 10 12 14 16 17 19 20 | 20.7
Dodging        | 1 2 3 4 5 6 |  6.5
Stealth        | 1 2 |  2.2
Invocations    | 7 10 14 | 14.5
Evocations     | 1 |  1.2

Action                   |  1- 3 |  4- 6 |  7- 9 | 10-12 | 13-15 || total
-------------------------+-------+-------+-------+-------+-------++-------
Melee: Hand axe          |    29 |    59 |    61 |       |       ||   149
       War axe           |     1 |       |    18 |   293 |    58 ||   370
Invok: Disaster Area     |       |       |       |     1 |     6 ||     7
Evoke: Tin of tremorston |       |       |       |       |     2 ||     2
  Use: Potion            |       |     5 |     1 |     3 |     9 ||    18
       Scroll            |       |       |       |     1 |     1 ||     2
Armor: Scale mail        |    13 |       |       |       |       ||    13
       Chain mail        |       |    29 |    20 |   112 |    28 ||   189
Dodge: Dodged            |     6 |     9 |    10 |    68 |     7 ||   100
       Repelled          |       |       |     1 |     2 |       ||     3
Block: Kite shield       |    10 |    55 |    76 |   347 |    55 ||   543

Table legend: (Time is in decaauts)
 A = Elapsed time spent in this place.
 B = Non-inter-level travel time spent in this place.
 C = Inter-level travel time spent in this place.
 D = Time resting spent in this place.
 E = Time spent auto-exploring this place.
 F = Levels seen in this place.
 G = Mean time per level.
                   A        B        C        D        E       F      G
               +--------+--------+--------+--------+--------+-----+--------+
         Total |   3687 |   3687 |      0 |   2164 |     30 |   1 | 3687.0 |
       Dungeon |   3687 |   3687 |      0 |   2164 |     30 |   1 | 3687.0 |
               +--------+--------+--------+--------+--------+-----+--------+

Top non-repeatable levels by time:
       D: 3687 daAuts
